 Dungeon Crawl Stone Soup version 0.19.1-1-g22dce08 (webtiles) character file.

5270 theAP the Grappler (level 10, -1/104 HPs)
             Began as a Troll Fighter on Jan 16, 2017.
             Was an Elder of Okawaru.
             Slain by a gnoll sergeant
             ... wielding a +0 glaive
              (8 damage)
             ... in a bailey.
             The game lasted 00:13:59 (6148 turns).

theAP the Grappler (Troll Fighter)                  Turns: 6148, Time: 00:13:59

Health: -1/104     AC:  7    Str: 35    XL:     10   Next: 36%
Magic:  7/9        EV: 12    Int:  4    God:    Okawaru [****..]
Gold:   341        SH: 17    Dex:  9    Spells: 0 memorised, 9 levels left

rFire  . . .     SeeInvis .       - Unarmed
rCold  . . .     Gourm    +     a - +0 robe
rNeg   . . .     Faith    .     b - +0 shield
rPois  +         Spirit   .     (helmet restricted)
rElec  .         Reflect  +     q - +1 cloak {rPois}
rCorr  .         Harm     .     (gloves unavailable)
MR     +....                    (boots unavailable)
Stlth  +++.......               C - +6 amulet of reflection
                                s - +4 ring of strength
                                l - +2 ring of strength

@: heroism
A: unfitting armour, claws 3, fast metabolism 3, gourmand, magic resistance 1,
regeneration 1, shaggy fur 1, tough skin 2
a: Heroism, Renounce Religion


You were in a bailey.
You worshipped Okawaru.
Okawaru was greatly pleased with you.
You were completely stuffed.

You visited 2 branches of the dungeon, and saw 10 of its levels.
You also visited: Ossuary and Bailey.

You collected 366 gold pieces.
You spent 25 gold pieces at shops.

Inventory:

Armour
 a - a +0 robe (worn)
 b - a +0 shield (worn)
 q - a +1 cloak of poison resistance (worn)
 G - a +0 cloak
Jewellery
 g - an uncursed ring of stealth
 k - an uncursed amulet of rage
 l - a +2 ring of strength (left claw)
 s - a +4 ring of strength (right claw)
 t - an uncursed ring of fire
 C - a +6 amulet of reflection (around neck)
Wands
 r - a wand of paralysis (15/24)
 v - a wand of random effects (35/48)
 x - a wand of confusion (35/48)
 F - a wand of iceblast (7/15)
Scrolls
 j - 4 scrolls of remove curse
 o - 2 scrolls of teleportation
 y - a scroll of fear
 B - a scroll of blinking
 D - a scroll of random uselessness
 J - a scroll of fog
Potions
 c - a potion of might
 e - a potion of resistance
 h - 3 potions of brilliance
 m - 2 potions of cancellation
 n - 2 potions of flight
 p - 2 potions of degeneration
 u - 3 potions of mutation {unknown}
 w - 2 potions of curing {unknown}
 z - 2 potions of invisibility {unknown}
 E - a potion of lignification {unknown}
Comestibles
 d - 5 bread rations
 f - 3 fruits
 i - 4 meat rations
 H - 7 chunks of flesh


   Skills:
 + Level 7.7(12.7) Fighting
 - Level 2.4(7.4) Dodging
 - Level 2.5(7.5) Shields
 * Level 12.5(17.5) Unarmed Combat


You had 9 spell levels left.
You didn't know any spells.

Dungeon Overview and Level Annotations

Branches:
Dungeon (10/15)            Temple (1/1) D:4
   Lair: D:8-11         Orc: D:9-12

Altars:
Ashenzari
Elyvilon
Gozag
Nemelex Xobeh
Okawaru
Qazlal
Ru
Trog
Uskayaw
Vehumet

Shops:
D:8 =(*%

Annotations:
D:5 Prince Ribbit


Innate Abilities, Weirdness & Mutations

You are too large for most types of armour.
You have claws for hands.
Your metabolism is lightning-fast.
You like to eat raw meat.
Your natural rate of healing is unusually fast.
You are covered in fur. (AC +1)
You have very tough skin. (AC +2)
You are resistant to hostile enchantments. (MR+)


Message History

You mangle dngmouse's ghost!!
Dngmouse's ghost is almost destroyed.
You block dngmouse's ghost's attack.
You barely miss dngmouse's ghost.
Dngmouse's ghost is almost destroyed.
You block the gnoll sergeant's attack. You block dngmouse's ghost's attack.
You scratch dngmouse's ghost but do no damage.
Dngmouse's ghost is almost destroyed.
You block the gnoll sergeant's attack.
You barely miss dngmouse's ghost.
Dngmouse's ghost is almost destroyed.
Dngmouse's ghost hits you!
* * * LOW HITPOINT WARNING * * *
The gnoll sergeant hits you from afar with a glaive!
* * * LOW HITPOINT WARNING * * *
You mangle dngmouse's ghost!!
You destroy dngmouse's ghost!
Okawaru is honoured by your kill.
The gnoll sergeant hits you from afar with a glaive!
You die...

### ♣@♣ ♣.♣
♣♣g♣♣ ♣♣♣♣ggg♣♣
♣♣...ggg.♣♣♣♣
♣♣♣...........♣♣
♣......)).......
≈≈≈≈≈≈≈...≈≈≈≈≈≈
≈...............


You could see 2 gnoll sergeants, a gnoll shaman and 4 gnolls.

Vanquished Creatures
  The ghost of dngmouse the Warrior, a novice MiFi of Makhleb (Bailey)
  Pikel (D:6)
  A two-headed ogre (D:10)
  A hornet (D:7)
  A hippogriff (D:7)
  The ghost of Megalobster the Conjurer, an amateur DECj (D:3)
  2 wraiths (Ossuary)
  Eustachio (D:6)
  Grum (D:10)
  Menkaure (D:5)
  Edmund (D:6)
  Duvessa (D:6)
  2 phantoms
  An orc warrior (D:8)
  A slave (D:6)
  A sky beast (D:7)
  2 wolves (D:10)
  4 ogres
  2 centaurs
  5 bullfrogs
  A water moccasin zombie (D:5)
  A scorpion (D:4)
  3 wights (Ossuary)
  A howler monkey (D:4)
  A bullfrog zombie (D:5)
  3 crimson imps
  A quasit (D:6)
  Crazy Yiuf (D:6)
  A bullfrog skeleton (D:8)
  2 centaur skeletons
  5 hounds
  4 orc wizards
  Natasha (D:2)
  4 worker ants
  A killer bee zombie (D:7)
  12 adders
  5 gnolls
  2 shadow imps (D:7)
  3 oozes
  2 adder skeletons
  2 adder zombies
  4 worms
  3 leopard geckos
  16 orcs
  3 giant cockroaches
  2 goblins
  6 hobgoblins
  3 kobolds
  A quokka (D:10)
  7 bats
  A frilled lizard (D:1)
  A hobgoblin skeleton (Ossuary)
  2 hobgoblin zombies (Ossuary)
  2 kobold zombies (Ossuary)
  A leopard gecko zombie (D:5)
  An orc skeleton (Ossuary)
  2 orc zombies (Ossuary)
  A quokka skeleton (D:4)
  6 rats
149 creatures vanquished.

Vanquished Creatures (others)
  A slave (D:6)
  Dowan (D:6)
  An adder zombie (D:6)
3 creatures vanquished.

Grand Total: 152 creatures vanquished

Notes
Turn   | Place    | Note
-------+----------+-------------------------------------------
     0 | D:1      | theAP the Troll Fighter began the quest for the Orb.
     0 | D:1      | Reached XP level 1. HP: 22/22 MP: 0/0
   413 | D:1      | Reached XP level 2. HP: 26/29 MP: 1/1
   798 | D:2      | Reached skill level 3 in Unarmed Combat
   798 | D:2      | Reached XP level 3. HP: 32/36 MP: 2/2
  1216 | D:2      | Noticed Natasha
  1224 | D:2      | Killed Natasha
  1224 | D:2      | Reached XP level 4. HP: 37/45 MP: 3/3
  1654 | D:3      | Found a faded altar of an unknown god.
  1736 | D:3      | Noticed Megalobster's ghost (amateur DECj)
  2155 | D:3      | Killed Megalobster's ghost
  2155 | D:3      | Reached skill level 5 in Unarmed Combat
  2155 | D:3      | Reached XP level 5. HP: 35/54 MP: 4/4
  2287 | D:4      | Noticed a phantom
  2298 | D:4      | Reached XP level 6. HP: 35/62 MP: 5/5
  2362 | D:4      | Found an iron altar of Okawaru.
  2394 | D:4      | Reached skill level 6 in Unarmed Combat
  2606 | D:4      | Reached XP level 7. HP: 61/70 MP: 6/6
  2708 | D:4      | Found a staircase to the Ecumenical Temple.
  2719 | Temple   | Entered the Ecumenical Temple
  2737 | Temple   | Became a worshipper of Warmaster Okawaru
  2899 | D:5      | Entered Level 5 of the Dungeon
  2937 | D:5      | Found a sacrificial altar of Ru.
  3096 | D:5      | Reached skill level 7 in Unarmed Combat
  3104 | D:5      | Noticed Prince Ribbit
  3636 | D:5      | Noticed Menkaure
  3646 | D:5      | Killed Menkaure
  3816 | D:6      | Reached XP level 8. HP: 79/79 MP: 7/7
  3821 | D:6      | Reached * piety under Okawaru
  3821 | D:6      | Reached skill level 5 in Fighting
  3821 | D:6      | Reached skill level 8 in Unarmed Combat
  3889 | D:6      | Noticed Edmund
  3904 | D:6      | Killed Edmund
  3936 | D:6      | Noticed Pikel
  3952 | D:6      | HP: 3/80 [slave[Pikel] (2)]
  3953 | D:6      | Killed Pikel
  3953 | D:6      | Reached skill level 9 in Unarmed Combat
  4030 | D:6      | Found a sand-covered staircase.
  4038 | Ossuary  | Entered an ossuary
  4094 | Ossuary  | Reached ** piety under Okawaru
  4136 | Ossuary  | Noticed a flying skull
  4170 | Ossuary  | Noticed a flying skull
  4186 | Ossuary  | Noticed a flying skull
  4210 | Ossuary  | Noticed a flying skull
  4219 | Ossuary  | Reached skill level 10 in Unarmed Combat
  4219 | Ossuary  | Reached XP level 9. HP: 36/89 MP: 8/8
  4319 | D:6      | Noticed Eustachio
  4336 | D:6      | Killed Eustachio
  4394 | D:6      | Killed Dowan
  4561 | D:6      | Found a runed door.
  4604 | D:6      | Noticed Duvessa
  4614 | D:6      | Killed Duvessa
  4867 | D:6      | Noticed Crazy Yiuf
  4869 | D:6      | Killed Crazy Yiuf
  5107 | D:7      | Reached skill level 11 in Unarmed Combat
  5318 | D:7      | Reached *** piety under Okawaru
  5451 | D:7      | Gained mutation: You are resistant to hostile enchantments. (MR+) [mutagenic meat]
  5693 | D:8      | Found Diciz's Antique Weapon Emporium.
  5710 | D:8      | Found Jozapoga's Jewellery Shoppe.
  5832 | D:8      | Found Heqis's Assorted Antiques.
  5838 | D:8      | Bought a murky puce potion for 25 gold pieces
  5838 | D:8      | Identified a scroll of acquirement
  5911 | D:8      | Reached XP level 10. HP: 56/102 MP: 9/9
  5920 | D:8      | Found Umuqik's Food Shoppe.
  5955 | D:8      | You fall through a shaft for 2 floors!
  5955 | D:10     | Entered Level 10 of the Dungeon
  5987 | D:10     | Found a flagged portal.
  5987 | D:10     | Noticed Grum
  5997 | D:10     | Reached skill level 12 in Unarmed Combat
  6014 | D:10     | Killed Grum
  6086 | Bailey   | Entered a bailey
  6117 | Bailey   | Noticed dngmouse's ghost (novice MiFi)
  6148 | Bailey   | Killed dngmouse's ghost
  6148 | Bailey   | Reached **** piety under Okawaru
  6148 | Bailey   | Slain by a gnoll sergeant

Skill      XL: |  1  2  3  4  5  6  7  8  9 10 |
---------------+-------------------------------+-----
Unarmed Combat | 3 5 6 7 10 11 12 | 12.5
Fighting       | 3 4 6 7 |  7.7
Dodging        | |  2.4
Shields        | |  2.5

Action                   |  1- 3 |  4- 6 |  7- 9 | 10-12 || total
-------------------------+-------+-------+-------+-------++-------
Melee: Unarmed           |    61 |    91 |   297 |    52 ||   501
Invok: Heroism           |       |       |       |     1 ||     1
  Use: Scroll            |       |     3 |    10 |       ||    13
       Potion            |       |       |       |     7 ||     7
 Stab: Sleeping          |     1 |     4 |       |     1 ||     6
  Eat: Chunk             |    11 |    14 |    36 |     2 ||    63
Armor: Robe              |    18 |    19 |    58 |    17 ||   112
Dodge: Dodged            |    19 |    22 |    68 |    20 ||   129
Block: Shield            |    25 |    39 |   153 |    67 ||   284
       Reflection        |       |       |       |     2 ||     2
